 Dungeon Sprint DCSS version 0.29-a0-119-g4040846114 (webtiles) character file.

Game seed: 18336795521754675243

0 mhtbhm the Firebug (level 1, 0/10 HPs)
             Began as a Deep Elf Fire Elementalist on Feb 19, 2022.
             Was an Initiate of Vehumet.
             Slain by a merfolk (10 damage)
             ... in the Dungeon (Sprint V: "Ziggurat Sprint").
             The game lasted 00:00:44 (81 turns).

mhtbhm the Firebug (Deep Elf Fire Elementalist)       Turns: 81, Time: 00:00:45

Health: 0/10       AC:  5    Str:  5    XL:     1   Next: 0%
Magic:  3/6        EV:  5    Int: 31    God:    Vehumet [......]
Gold:   0          SH: 25    Dex: 15    Spells: 5/6 levels left

rFire   + . .      SeeInvis .   C - +8 lance "Wyrmbane" {slay drac, rPois rF+ rC+ AC+3}
rCold   + . .      Faith    .   r - +18 shield of the Gong {rElec rN+ Will+ EV-5}
rNeg    + . .      Spirit   .   a - +0 robe
rPois   +          Reflect  .   (no helmet)
rElec   +          Harm     .   (no cloak)
rCorr   .          Rampage  .   (no gloves)
Will    +....      NoTele   +   (no boots)
Stlth   ++........              (no amulet)
HPRegen 0.03/turn               u - +6 ring of intelligence
MPRegen 0.10/turn               v - +6 ring of intelligence

@: no status effects
A: no striking features
a: Renounce Religion


You were in the Dungeon.
You worshipped Vehumet.
Vehumet was noncommittal.
You visited 1 branch

Inventory:

Hand Weapons
 C - the +8 lance "Wyrmbane" (weapon) {slay drac, rPois rF+ rC+ AC+3}
   (You found it in the Dungeon)

   It inflicts extra damage against dragons and draconians.
   AC:        It affects your AC (+3).
   rF:        It protects you from fire.
   rC:        It protects you from cold.
   rPois:     It protects you from poison.
Armour
 a - a +0 robe (worn)
 r - the +18 shield of the Gong (worn) {rElec rN+ Will+ EV-5}
   (You found it in the Dungeon)

   It is deafeningly noisy when blocking attacks.
   EV:        It affects your evasion (-5).
   rElec:     It insulates you from electricity.
   rN:        It protects you from negative energy.
   Will:      It increases your willpower.
Jewellery
 u - a +6 ring of intelligence (left hand)
 v - a +6 ring of intelligence (right hand)
Wands
 y - a wand of mindburst (7)
 z - a wand of iceblast (7)
 A - a wand of acid (7)
Scrolls
 g - 4 scrolls of blinking
 m - 4 scrolls of amnesia
 n - 7 scrolls of fog
 o - a scroll of holy word
 p - 5 scrolls of identify
 q - a scroll of fear
Potions
 b - 10 potions of curing
 c - 10 potions of heal wounds
 d - 6 potions of haste
 e - 7 potions of magic
 f - 3 potions of berserk rage
 h - 2 potions of brilliance
 i - 2 potions of invisibility
 j - 4 potions of resistance
 k - a potion of experience
 l - 5 potions of might
Miscellaneous
 B - a lightning rod (4/4)


   Skills:
 + Level 2.4 Dodging
 + Level 2.4 Stealth
 + Level 3.0 Spellcasting
 + Level 1.1 Conjurations
 + Level 3.2 Fire Magic


You had 5 spell levels left.
You knew the following spells:

 Your Spells              Type           Power      Damage    Failure   Level
a - Foxfire               Conj/Fire      72%        2x1d7     10%         1

Your spell library contained the following spells:

 Spells                   Type           Power      Damage    Failure   Level
 Scorch                   Fire           50%        2d7       10%         2
 Conjure Flame            Conj/Fire      18%        6-21      30%         3
 Inner Flame              Hex/Fire       14%        N/A       36%         3
 Flame Wave               Conj/Fire      18%        2d6       69%         4


Dungeon Overview and Level Annotations

Branches:
Dungeon (1/1)

Altars:
Ashenzari
Cheibriados
Dithmenos
Elyvilon
Fedhas
Gozag
Hepliaklqana
Kikubaaqudgha
Makhleb
Nemelex Xobeh
Okawaru
Qazlal
Ru
Sif Muna
Trog
Uskayaw
Vehumet
Wu Jian
Xom
Yredelemnul
Zin
The Shining One
Beogh
Jiyva
Lugonu

Annotations:
D 1 transporter


Message History

r - the +18 shield of the Gong {rElec rN+ Will+ EV-5}
Okay, then.
You start putting on your armour.
You continue putting on the +18 shield of the Gong {rElec rN+ Will+ EV-5}. x4
You finish putting on the +18 shield of the Gong {rElec rN+ Will+ EV-5}.
Unknown command.
There is a transporter here.
Welcome to arena 1.
You enter the transporter and appear at another place. 2 merfolk come into view.
The merfolk shouts! x2
Found a staff of cold and a ring of fire.
Found a transporter.
Unknown command.
Unknown command.
Okay, then.
As you read the scroll of fear, it crumbles to dust.
You assume a fearsome visage.
The merfolk looks frightened! x2
Unknown command.
Casting: Foxfire (safe; 10% risk of failure)
Confirm with . or Enter, or press ? or * to list all spells.
You conjure some foxfire!
Unknown command.
Casting: Foxfire (safe; 10% risk of failure)
Confirm with . or Enter, or press ? or * to list all spells.
You conjure some foxfire!
The foxfire hits the merfolk but does no damage.
Your attack snaps the merfolk out of its fear.
The foxfire hits the merfolk.
The merfolk is lightly wounded.
Casting: Foxfire (safe; 10% risk of failure)
Confirm with . or Enter, or press ? or * to list all spells.
You conjure some foxfire!
The foxfire hits the merfolk.
The merfolk is lightly wounded.
The foxfire hits the merfolk.
The merfolk is lightly wounded.
The merfolk begs for mercy.
The merfolk hits you from afar with a +0 trident!
Ouch! That really hurt!
You die...

▓▓▓▓▓▓▓
▓.8©8m▓
▓.....▓
▓.=.|.▓
▓..m§.▓
▓.§v§.▓
▓.v@§.▓
▓▓▓▓▓▓▓


You could see 2 merfolk.

Vanquished Creatures (others)
  4 foxfires (D)
4 creatures vanquished.

Notes
Turn   | Place    | Note
-------+----------+-------------------------------------------
     0 | D        | mhtbhm the Deep Elf Fire Elementalist began the quest for
                  | the Orb.
     0 | D        | Reached XP level 1. HP: 10/10 MP: 6/6
     0 | D        | Found a shimmering blue altar of Sif Muna.
     0 | D        | Found a bloodstained altar of Trog.
     0 | D        | Found a sacrificial altar of Ru.
     0 | D        | Found a stormy altar of Qazlal.
     0 | D        | Found an iron altar of Okawaru.
     1 | D        | Found a sparkling altar of Nemelex Xobeh.
     1 | D        | Found a blossoming altar of Fedhas.
     1 | D        | Found the +6 Majin-Bo {vamp, MP+6 Int+6}
     1 | D        | Found the +9 heavy crossbow "Sniper" {vorpal, Acc+∞ SInv}
     1 | D        | Found the +10 dark maul {vorpal}
     1 | D        | Found the +15 Maxwell's patent armour {-Cast -Tele rElec
                  | Will+ rCorr}
     1 | D        | Found the +18 shield of the Gong {rElec rN+ Will+ EV-5}
     1 | D        | Found the +14 obsidian axe {vorpal, Mesm Drain Fly SInv}
     1 | D        | Found the +7 great mace "Firestarter" {inner flame, rF++}
     1 | D        | Found the +6 shillelagh "Devastator" {shatter}
     1 | D        | Found the +11 plutonium sword {Contam Stlth-}
     1 | D        | Found the +8 lance "Wyrmbane" {slay drac, rPois rF+ rC+
                  | AC+3}
     1 | D        | Found the +9 sword of Zonguldrok {reap}
     1 | D        | Found the +13 scythe of Curses {drain, Drain}
     1 | D        | Found the +5 sword of Power {vorpal}
     1 | D        | Found the +7 mace of Variability {chain chaos}
     1 | D        | Found the +7 Singing Sword {vorpal, sonic wave}
     1 | D        | Found the +8 storm bow {elec, penet}
     3 | D        | Found a transporter.
     3 | D        | Found an ancient bone altar of Kikubaaqudgha.
     3 | D        | Found a viscous altar of Jiyva.
     3 | D        | Found a corrupted altar of Lugonu.
     3 | D        | Found a hazy altar of Hepliaklqana.
     3 | D        | Found a burning altar of Makhleb.
     3 | D        | Found an opulent altar of Gozag.
    44 | D        | Became a worshipper of Vehumet
    77 | D        | Entered arena 2.
    77 | D        | Noticed a merfolk
    77 | D        | Noticed a merfolk
    77 | D        | Found a transporter.
    81 | D        | Slain by a merfolk

Illustrated notes

Levels and vault maps discovered:
D:        sprint_v [room_start, room_1, room_2, room_3, room_4, room_5, room_6,
          room_7, room_8, room_9, room_10, room_11, room_12, room_13, room_14,
          room_15, room_16, room_17, room_18, room_19, room_20, room_21,
          room_22, room_23, room_24, room_25, room_26, room_27]

Action                   || total
-------------------------++-------
 Cast: Foxfire           ||     3
  Use: Scroll            ||     1

Table legend: (Time is in decaauts)
 A = Elapsed time spent in this place.
 B = Non-inter-level travel time spent in this place.
 C = Inter-level travel time spent in this place.
 D = Time resting spent in this place.
 E = Time spent auto-exploring this place.
 F = Levels seen in this place.
 G = Mean time per level.
                   A        B        C        D        E       F      G
               +--------+--------+--------+--------+--------+-----+--------+
         Total |     79 |     79 |      0 |      0 |      0 |   1 |   79.0 |
       Dungeon |     79 |     79 |      0 |      0 |      0 |   1 |   79.0 |
               +--------+--------+--------+--------+--------+-----+--------+

Top non-repeatable levels by time:
       D: 79 daAuts
